 Dungeon Crawl Stone Soup version 0.19-a0-36-g4a0968a (webtiles) character file.

12254 CyborgNinja the Impaler (level 11, -8/87 HPs)
             Began as a Merfolk Gladiator on May 4, 2016.
             Was a High Priest of Okawaru.
             Mangled by Snorg (28 damage)
             ... on level 11 of the Dungeon.
             The game lasted 00:20:44 (8525 turns).

CyborgNinja the Impaler (Merfolk Gladiator)         Turns: 8525, Time: 00:20:44

Health: -8/87      AC: 13    Str: 23    XL:     11   Next: 90%
Magic:  12/12      EV: 21    Int:  8    God:    Okawaru [*****.]
Gold:   515        SH:  0    Dex: 18    Spells: 0 memorised, 10 levels left

rFire  . . .     SeeInvis .     o - +3 scythe (vamp)
rCold  + . .     Gourm    .     E - +3 leather armour "Bocam" {rElec Dex+4}
rNeg   . . .     Faith    .     (shield currently unavailable)
rPois  +         Spirit   .     c - +0 helmet
rElec  +         Dismiss  .     s - +0 cloak
rCorr  .         Reflect  .     i - +2 pair of gloves
SustAt .         Harm     +     h - +0 pair of boots
MR     ++...                    n - amulet of harm
Stlth  +.........               b - ring "Morphyss" {Wiz MR+}
                                r - ring of protection from cold

@: very resistant to hostile enchantments, very unstealthy
A: change form in water, swift swim, molten scales 1, magic resistance 1, poison
resistance, regeneration 1, strong 2
a: Heroism, Finesse, Renounce Religion


You were on level 11 of the Dungeon.
You worshipped Okawaru.
Okawaru was extremely pleased with you.
You were not hungry.

You visited 2 branches of the dungeon, and saw 12 of its levels.

You collected 515 gold pieces.

Inventory:

Hand Weapons
 o - a +3 vampiric scythe (weapon)
 y - a +2 spear of flaming
 I - the +14 plutonium sword {*Contam Stlth-}
   (You found it on level 9 of the Dungeon)

   It causes magical contamination when unequipped.
   It makes you less stealthy.
Missiles
 d - a throwing net (quivered)
Armour
 c - a +0 helmet (worn)
 h - a +0 pair of boots (worn)
 i - a +2 pair of gloves (worn)
 s - a +0 cloak (worn)
 E - the +3 leather armour "Bocam" (worn) {rElec Dex+4}
   (You found it on level 7 of the Dungeon)

   It affects your dexterity (+4).
   It insulates you from electricity.
 F - a +0 large shield
Jewellery
 b - the ring "Morphyss" (right hand) {Wiz MR+}
   (You found it on level 9 of the Dungeon)

   [ring of wizardry]

   It improves your spell success rate.
   It affects your resistance to hostile enchantments.
 n - an amulet of harm (around neck)
 r - a ring of protection from cold (left hand)
Wands
 u - a wand of flame (16/48)
 C - a wand of paralysis (24/24)
 K - a wand of polymorph (20/24)
Scrolls
 e - 5 scrolls of teleportation
 g - 7 scrolls of remove curse
 j - 4 scrolls of identify
 p - 2 scrolls of amnesia
 t - a scroll of enchant armour
 x - a scroll of recharging
 A - a scroll of enchant weapon
 J - 2 scrolls of magic mapping
Potions
 a - a potion of heal wounds
 k - a potion of might
 m - 2 potions of curing
 B - a potion of flight
 G - a potion of brilliance
Books
 D - a book of Annihilations

   Spells                             Type                      Level
   a - Poison Arrow                   Conjuration/Poison           6
   b - Chain Lightning                Conjuration/Air              8
   c - Lehudib's Crystal Spear        Conjuration/Earth            8
   d - Glaciate                       Conjuration/Ice              9
   e - Fire Storm                     Conjuration/Fire             9
Comestibles
 f - 6 bread rations
 l - a chunk of flesh
 v - 5 meat rations
 w - 2 fruits
 z - 3 beef jerkies
 H - 8 slices of pizza


   Skills:
 + Level 8.4 Fighting
 - Level 20.1 Polearms
 - Level 2.0 Throwing
 + Level 1.4 Armour
 + Level 12.0 Dodging
 * Level 1.6 Invocations


You had 10 spell levels left.
You didn't know any spells.

Dungeon Overview and Level Annotations

Branches:
Dungeon (11/15)            Temple (1/1) D:5            Lair (0/8) D:9
    Orc (0/2) D:11

Altars:
Cheibriados
Dithmenos
Gozag
Kikubaaqudgha
Okawaru
Ru
Sif Muna
Trog
Xom
Zin

Shops:
D:5 =   D:6 %   D:8 }

Annotations:
D:11 Snorg


Innate Abilities, Weirdness & Mutations

You revert to your normal form in water.
You are very nimble and swift while swimming.
You are partially covered in molten scales (AC +1).
You are resistant to hostile enchantments.
Your system is resistant to poisons.
Your natural rate of healing is unusually fast.
Your muscles are very strong. (Str +4)


Message History

You slice Snorg!!
You feel better.
Snorg is moderately wounded.
Snorg bites you! Snorg closely misses you. Snorg claws you!
* * * LOW HITPOINT WARNING * * *
Unknown command.
Drink which item? (? for menu, Esc to quit)
You feel much better. Snorg completely misses you. Snorg claws you!
Snorg claws you. Snorg misses you. Snorg closely misses you. Snorg claws you!
* * * LOW HITPOINT WARNING * * *
Read which item? (? for menu, Esc to quit)
Okay, then.
Drink which item? (? for menu, Esc to quit)
You feel much better. Snorg bites you!!
* * * LOW HITPOINT WARNING * * *
Snorg misses you. Snorg barely misses you.
Drink which item? (? for menu, Esc to quit)
You feel much better. Snorg bites you!
* * * LOW HITPOINT WARNING * * *
Snorg claws you but does no damage. Snorg barely misses you. Snorg bites you!!
You die...

..######......#
.......o)....#
.#
#########.##.#
#.# #.##.# #.#
#Y##.# #.#
#o##.# #.#
#o##.# #.#
#T##.###.##
#@##......#
#.######..# #.#
#..# #.# #..#
..# #..# ###
#..# #####..#
#......#
#.####)#


You could see Snorg (berserk), an ice beast and 2 orcs.

Vanquished Creatures
  Fannar (D:10)
  2 hill giants (D:10)
  Pikel (D:6)
  Joseph (D:7)
  2 gargoyles (D:10)
  The ghost of CyborgNinja the Changer, a novice OpTm of Cheibriados (D:5)
  3 trolls (D:10)
  Sigmund (D:2)
  A yak (D:9)
  A human (D:8)
  3 wyverns (D:9)
  A hungry ghost (D:8)
  The ghost of removemottled the Magician, an amateur DrEE (D:4)
  A hippogriff (D:7)
  Grum (D:10)
  2 water moccasins
  4 ice beasts
  Duvessa (D:7)
  2 orc warriors
  2 slaves (D:6)
  A black bear (D:7)
  3 phantoms
  3 sky beasts
  A necrophage (D:11)
  5 ogres
  4 wolves (D:10)
  5 centaurs
  A crocodile (D:9)
  2 big kobolds
  Blork the orc (D:4)
  2 giant frogs
  Dowan (D:7)
  4 scorpions
  4 killer bees (D:11)
  5 wights (D:9)
  6 howler monkeys
  3 electric eels (D:10)
  6 crimson imps
  A giant frog zombie (D:7)
  3 jellies
  A quasit (D:8)
  3 hounds
  3 orc priests
  2 centaur skeletons
  A centaur zombie (D:5)
  3 orc wizards
  2 iguanas
  Terence (D:3)
  2 worker ants
  4 sheep (D:8)
  2 hound zombies
  A hound skeleton (D:10)
  2 howler monkey zombies
  8 gnolls
  5 adders
  A howler monkey skeleton (D:4)
  4 river rats (D:9)
  A shadow imp (D:9)
  An ooze (D:2)
  2 worms (D:3)
  3 dart slugs
  6 giant geckos
  22 orcs
  2 ball pythons
  4 giant cockroaches
  8 goblins
  7 hobgoblins
  15 jackals
  4 quokkas
  14 bats
  5 giant newts
  5 kobolds
  18 rats
  A butterfly (D:5)
256 creatures vanquished.

Vanquished Creatures (others)
  A hound (D:5)
  A plant (D:9)
2 creatures vanquished.

Grand Total: 258 creatures vanquished

Notes
Turn   | Place    | Note
--------------------------------------------------------------
     0 | D:1      | CyborgNinja the Merfolk Gladiator began the quest for the Orb.
     0 | D:1      | Reached XP level 1. HP: 16/16 MP: 1/1
     7 | D:1      | Noticed a wolf
     7 | D:1      | Noticed a black bear
     7 | D:1      | Noticed an eight-headed hydra
    46 | D:1      | Reached skill level 5 in Polearms
    51 | D:1      | Reached XP level 2. HP: 22/22 MP: 2/2
   631 | D:2      | Found an ancient bone altar of Kikubaaqudgha.
   653 | D:2      | Reached XP level 3. HP: 20/27 MP: 3/3
   657 | D:2      | Reached skill level 6 in Polearms
   775 | D:2      | Found a bloodstained altar of Trog.
  1024 | D:2      | Noticed Sigmund
  1045 | D:2      | Killed Sigmund
  1045 | D:2      | Reached skill level 7 in Polearms
  1045 | D:2      | Reached skill level 5 in Dodging
  1045 | D:2      | Reached XP level 4. HP: 17/33 MP: 4/4
  1045 | D:2      | Reached XP level 5. HP: 19/38 MP: 5/5
  1538 | D:3      | Noticed Terence
  1559 | D:3      | Killed Terence
  1559 | D:3      | Reached skill level 8 in Polearms
  1559 | D:3      | Reached XP level 6. HP: 44/44 MP: 6/6
  1914 | D:3      | Found a snail-covered altar of Cheibriados.
  1914 | D:3      | Found a shimmering altar of Xom.
  2010 | D:3      | Reached skill level 9 in Polearms
  2584 | D:4      | Noticed removemottled's ghost (amateur DrEE)
  2614 | D:5      | Entered Level 5 of the Dungeon
  2614 | D:5      | Found a staircase to the Ecumenical Temple.
  2621 | Temple   | Entered the Ecumenical Temple
  2644 | Temple   | Became a worshipper of Warmaster Okawaru
  2672 | D:5      | Reached XP level 7. HP: 44/50 MP: 7/7
  2674 | D:5      | Reached skill level 10 in Polearms
  3012 | D:5      | Noticed CyborgNinja's ghost (novice OpTm)
  3052 | D:4      | Killed removemottled's ghost
  3052 | D:4      | Reached skill level 11 in Polearms
  3081 | D:5      | Killed CyborgNinja's ghost
  3081 | D:5      | Reached * piety under Okawaru
  3081 | D:5      | Reached skill level 12 in Polearms
  3081 | D:5      | Reached XP level 8. HP: 43/56 MP: 8/8
  3199 | D:4      | Found a glowing silver altar of Zin.
  3694 | D:4      | Noticed Blork the orc
  3711 | D:4      | Killed Blork the orc
  3857 | D:4      | Found a deep blue altar of Sif Muna.
  3993 | D:5      | Reached skill level 13 in Polearms
  4099 | D:5      | Gained mutation: You occasionally shout uncontrollably at your foes. [mutagenic meat]
  4249 | D:5      | Found Vilypry's Jewellery Boutique.
  4533 | D:6      | Lost mutation: You occasionally shout uncontrollably at your foes. [potion of cure mutation]
  4535 | D:6      | Reached skill level 19 in Polearms
  4535 | D:6      | Reached XP level 9. HP: 56/61 MP: 9/9
  4552 | D:6      | Reached XP level 10. HP: 66/67 MP: 10/10
  4578 | D:6      | Reached ** piety under Okawaru
  4793 | D:6      | Noticed Pikel
  4807 | D:6      | Killed Pikel
  4991 | D:6      | Found Qoacyt's Food Shoppe.
  5638 | D:7      | Noticed Dowan
  5640 | D:7      | Noticed Duvessa
  5643 | D:7      | Killed Dowan
  5654 | D:7      | Killed Duvessa
  5735 | D:7      | Found an opulent altar of Gozag.
  5861 | D:7      | Reached *** piety under Okawaru
  5905 | D:7      | Got a crude leather armour
  5916 | D:7      | Identified the +3 leather armour "Bocam" {rElec Dex+4} (You found it on level 7 of the Dungeon)
  6173 | D:7      | Noticed Joseph
  6193 | D:7      | Killed Joseph
  6410 | D:8      | Reached skill level 5 in Fighting
  6460 | D:8      | Found Mobb's Gadget Emporium.
  6466 | D:8      | Reached skill level 20 in Polearms
  6596 | D:8      | Gained mutation: Your natural rate of healing is unusually fast. [potion of mutation]
  6596 | D:8      | Gained mutation: You are resistant to hostile enchantments. [potion of mutation]
  6596 | D:8      | Gained mutation: Your muscles are strong. (Str +2) [potion of mutation]
  6683 | D:8      | Found a shadowy altar of Dithmenos.
  6899 | D:8      | Reached XP level 11. HP: 80/80 MP: 11/11
  7052 | D:9      | Gained mutation: You are partially covered in molten scales (AC +1). [mutagenic meat]
  7053 | D:9      | Gained mutation: Your system is resistant to poisons. [mutagenic meat]
  7056 | D:9      | Gained mutation: Your muscles are very strong. (Str +4) [mutagenic meat]
  7081 | D:9      | Reached **** piety under Okawaru
  7112 | D:9      | Reached skill level 10 in Dodging
  7175 | D:9      | Got a fine tin ring
  7176 | D:9      | Identified the ring "Morphyss" {Wiz MR+} (You found it on level 9 of the Dungeon)
  7457 | D:9      | Reached skill level 1 in Armour
  7590 | D:9      | Found a staircase to the Lair.
  7640 | D:10     | Entered Level 10 of the Dungeon
  7645 | D:10     | Noticed Grum
  7649 | D:10     | Noticed a hill giant
  7657 | D:10     | Killed Grum
  7663 | D:10     | Killed a hill giant
  7750 | D:10     | Noticed a hill giant
  7752 | D:10     | Killed a hill giant
  7752 | D:10     | Reached ***** piety under Okawaru
  7894 | D:10     | Noticed Fannar
  7940 | D:10     | Killed Fannar
  8449 | D:11     | Reached skill level 1 in Invocations
  8492 | D:11     | Found a staircase to the Orcish Mines.
  8493 | D:11     | Noticed Snorg
  8525 | D:11     | Mangled by Snorg

Vault maps used:
D:1:      onia_arrival_zoo_common, lemuel_flame_loot_1
D:2:      kiku_gazebo_garden_becter, nicolae_overflow_crystal_walls,
          serial_forest, infiniplex_forest_lined_1,
          infiniplex_forest_clump_curved, infiniplex_forest_end_double,
          infiniplex_forest_fountain, uniq_sigmund
D:3:      gammafunk_temple_overflow_pools, first_bread, uniq_terence
D:4:      tgw_sif, nicolae_overflow_hidden_temple
D:5:      minmay_temple_entry_butterflies, serial_shops, shop
D:6:      serial_shops, shop, uniq_pikel
D:7:      kennysheep_spiral_hall, grunt_gozag_breadcrumbs, uniq_duvessa,
          uniq_joseph
D:8:      overflow_temple_1_default, serial_shops,
          nicolae_shop_temple_entry_statues_fountains, grunt_livestock
D:9:      grunt_lair_entry_orc_guard_hut
D:10:     uniq_grum, uniq_fannar
D:11:     david_orc_3, basic_altar, elyvilon_altar_3, uniq_snorg
Temple:   chambers_temple_12

Skill      XL: |  1  2  3  4  5  6  7  8  9 10 11 |
---------------+----------------------------------+-----
Polearms       | 5 7 8 9 12 19 20 | 20.1
Dodging        | 5 6 8 9 12 | 12.0
Fighting       | 5 8 |  8.4
Armour         | 1 |  1.4
Invocations    | 1 |  1.6
Throwing       | |  2.0

Action                   |  1- 3 |  4- 6 |  7- 9 | 10-12 || total
-------------------------+-------+-------+-------+-------++-------
Melee: Trident           |    90 |       |       |       ||    90
       Scythe            |       |   154 |   164 |   500 ||   818
Throw: Throwing net      |       |       |       |     2 ||     2
Invok: Heroism           |       |       |       |     1 ||     1
  Use: Potion            |     3 |       |     5 |     9 ||    17
       Scroll            |       |     1 |     1 |    11 ||    13
 Stab: Sleeping          |     1 |       |       |     1 ||     2
       Held in net/web   |       |       |       |     1 ||     1
       Distracted        |       |       |       |     1 ||     1
  Eat: Chunk             |       |     6 |     7 |    20 ||    33
       Meat ration       |       |     1 |       |       ||     1
Armor: Leather armour    |    14 |       |       |   104 ||   118
       Scale mail        |    11 |   121 |    94 |    56 ||   282
Dodge: Dodged            |    50 |   178 |   149 |   470 ||   847
